Mistly, chaotic female elven Wizard --- |. |. |. |. . f# @# --.--- |....| |....| +....| |....| |{<..+ ------ Mistly the Thaumaturge Experience level: 6 Strength: 10 Dexterity: 11 Constitution: 12 Intelligence: 17 Wisdom: 14 Charisma: 13 Health: 20(20) Energy: 54(54) Def: 6 Gold: 1857 Moves: 2551 Dungeon seed: qRz0tHNYm6am03zW Game ID: Mistly_1535031888 Your Inventory: Coins $ - 1857 gold pieces Weapons a - a blessed +1 quarterstaff (weapon in hands) b - an uncursed +0 scimitar Armor e - a blessed +0 cloak of magic resistance (being worn) q - an uncursed +0 pair of water walking boots (being worn) r - a blessed +0 studded leather armor (being worn) y - a blessed +0 orcish helm (being worn) Comestibles L - an uncursed tripe ration Scrolls H - an uncursed scroll of enchant armor Spellbooks K - an uncursed spellbook of magic missile Potions w - an uncursed potion of levitation z - an uncursed potion of polymorph Wands v - an uncursed wand of striking (0:4) Tools h - an uncursed blindfold i - an uncursed bugle G - an uncursed magic flute (0:6) Gems n - an uncursed fluorite stone Spells and supernatural/magical abilities: Name Level Category Cost Memory a - force bolt 1 attack 5pw 96% m - magic missile 2 attack 10pw 96% n - detect monsters 1 divination 5pw 96% u - confuse monster 2 enchantment 10pw 96% W - pray for help -- divine ? -- Your skills at the end: Fighting Skills wands [Basic] Weapon Skills quarterstaff [Basic] Spellcasting Skills attack spells [Skilled] enchantment spells [Basic] Final Attributes: You were piously aligned. You were immune to sleep. You were poison resistant. You were magic resistant. You saw invisible. You had infravision. You could walk on water. Anhur was noncommittal. You survived. Vanquished creatures: 8 leprechauns a rock piercer a rock mole a yellow light 2 shriekers a gnome lord a guardian naga hatchling 4 giant ants a floating eye a kitten a kobold lord a rothe 3 monkeys a werejackal an iguana a coyote a gas spore a hobbit 2 manes a hobgoblin 2 gnomes a fox a kobold 4 goblins 4 sewer rats 2 grid bugs 2 bats 2 lichens 4 newts 56 creatures vanquished. Voluntary challenges: You were an atheist. You used a wielded weapon 15 times, starting on turn 158. You read items or engraved 12 times, starting on turn 3. You never genocided any monsters. You never polymorphed an object. You never changed form. You used no wishes. You never split a pudding. You wrote Elbereth's name 2 times, starting on turn 1489. You violated your moral code, losing 25 points of alignment, starting on turn 1631. Dungeon overview: The Dungeons of Doom: levels 1 to 8 Level 1 an altar to Thoth, a fountain a long staircase Level 2 a fountain Level 3 a weapon shop Level 4 a fountain Level 5 many fountains Level 6 a vault a long staircase Level 7 a vault Level 8 <- You were here a fountain History has recorded: On T:1 you entered the Dungeons of Doom to retrieve the Amulet of Yendor! On T:156 you reached level 2 of The Dungeons of Doom. On T:384 you advanced to experience level 2. On T:463 you reached level 3 of The Dungeons of Doom. On T:858 you reached level 4 of The Dungeons of Doom. On T:1219 you advanced to experience level 3. On T:1524 you advanced to experience level 4. On T:1567 you reached level 5 of The Dungeons of Doom. On T:1832 you advanced to experience level 5. On T:1966 you reached level 6 of The Dungeons of Doom. On T:2121 you reached level 7 of The Dungeons of Doom. On T:2387 you advanced to experience level 6. On T:2509 you reached level 8 of The Dungeons of Doom. Score breakdown: Gold: 1857 (11120 points) Experience: 6 levels (12456 points) Exploration: 8 levels ( 16.67%) (11577 points) Discoveries: 3 items ( 1.04%) ( 3061 points) Valuables value: (no points given unless you survive) Artifact value: 0 ( 0 points) Variety of kills: 29 monsters ( 7.63%) ( 8287 points) Turncount: 2551 turns ( -360 points) Survival: quit (score multiplied by 90%) Total score: 41526 Latest messages: This door is locked. You have nothing to unlock that with. This door is locked. You have nothing to unlock that with. This door is locked. You are too hungry to cast that spell. You are too hungry to cast that spell. Your leg feels somewhat better. You hear a door open. You faint from lack of food. You come to. [10 turns] You faint from lack of food. You come to. [11 turns] You faint from lack of food. You come to. [12 turns] Final status: Goodbye Mistly the Wizard, quit... You quit in The Dungeons of Doom on dungeon level 8 with 41526 points, and 1857 pieces of gold, after 2551 moves. You were level 6 with a maximum of 20 hit points when you quit.